Punishers vs Demolitions (R2)

Created - 1 novembre 2012 at 19:20

Simulating a Pre-Season

Goals
1 2 3 T
Punishers 2 1 0 3
Demolitions 2 2 0 4
Shots
1 2 3 T
Punishers 11 11 6 28
Demolitions 7 13 10 30

1st period

1. Demolitions , Erik Christensen 1 (Jeremy Williams) at 3:07
2. Demolitions , Daniel Paille 1 (Jiri Hudler) at 15:20 (PP)
3. Punishers , Kirk Maltby 5 (Chris Conner, Petteri Nokelainen) at 15:36
4. Punishers , Petteri Nokelainen 3 (Adam McQuaid, Karri Ramo) at 19:17

Penalties :
Jason Gregoire (Pro) for Tripping (Minor) at 15:10

2nd period

5. Punishers , Marc-André Bergeron 1 (Matt Carkner) at 11:38
6. Demolitions , Nikolai Zherdev 1 (Jiri Hudler) at 17:35 (PP)
7. Demolitions , Nikolai Zherdev 2 (Jiri Hudler) at 19:42

Penalties :
Jean-Luc Grand-Pierre (Pro) for Tripping (Minor) at 5:40, Joe Vitale (Pro) for Tripping (Minor) at 8:24, Jean-Luc Grand-Pierre (Pro) for Boarding (Minor) at 13:12, Petteri Nokelainen (Pro) for Tripping (Minor) at 17:19, Jeff Woywitka (Vic) for Holding (Minor) at 19:32, Petteri Nokelainen (Pro) for Delaying the game (Minor) at 19:32

3rd period

No Goal

Penalties :
Jason Gregoire (Pro) for Slashing (Minor) at 2:28, Karri Ramo (Pro) for Slashing (Minor) at 3:26 - Chris Conner served the penalty, Daniel Paille (Vic) for Holding (Minor) at 4:51, Kirk Maltby (Pro) for Tripping (Minor) at 13:08, Dennis Seidenberg (Vic) for Holding Stick (Minor) at 18:12

Goalie Stats

Karri Ramo (Pro), 26 saves from 30 shots - (0,867), L, 0-2-0, 60:00 minutes
Antero Niittymaki (Vic), 25 saves from 28 shots - (0,893), W, 2-1-0, 60:00 minutes

Players Stats for Punishers

Player Name              G  A  P  +/- PIM S  H  SB GA TA FO     MP     PP MP  PK MP  
------------------------------------------------------------------------------------
Aaron Palushaj           0  0  0   1  0   0  0  1  0  0  0/0     8:27   0:00   0:00 
Adam McQuaid             0  1  1   1  0   0  0  0  0  1  0/0    14:09   0:00   2:05 
Adam Pineault            0  0  0   1  0   0  2  1  1  0  0/0    14:48   1:32   2:14 
Andrew Bodnarchuk        0  0  0   0  0   0  0  0  0  0  0/0     4:15   0:00   0:55 
Chris Conner             0  1  1   0  0   3  2  0  1  0  0/0    18:59   1:52   2:11 
Jason Gregoire           0  0  0   1  4   0  1  1  0  0  0/0     8:28   0:00   0:03 
Jassen Cullimore         0  0  0   0  0   1  3  1  0  1  0/0    27:55   1:55   7:16 
Jean-Luc Grand-Pierre    0  0  0   0  4   1  0  2  1  1  0/0    22:26   1:55   4:25 
Jean-Michel Daoust       0  0  0   0  0   0  0  0  0  0  0/0     0:00   0:00   0:00 
Joe Vitale               0  0  0   0  2   0  1  0  0  1  0/2    11:05   0:00   1:17 
Kirk Maltby              1  0  1  -1  2   4  1  0  0  0  9/18   23:26   1:40   5:06 
Kris Chucko              0  0  0   0  0   2  2  0  0  0  0/0    11:54   0:12   1:46 
Leo Komarov              0  0  0   1  0   3  2  0  0  0  3/4     8:27   0:00   0:00 
Marc-André Bergeron      1  0  1   0  0   4  3  1  0  0  0/0    20:01   1:17   3:29 
Matt Carkner             0  1  1   0  0   1  2  1  0  1  0/0    19:52   1:17   3:20 
Mike Blunden             0  0  0   0  0   0  2  0  0  0  1/3    11:04   0:00   2:04 
Petteri Nokelainen       1  1  2   0  4   6  4  0  0  0  12/26  16:49   1:40   0:00 
Ryan White               0  0  0   1  0   1  1  0  0  0  0/6    12:02   1:20   0:00 
Stu Bickel               0  0  0   1  0   0  1  2  0  1  0/0    11:27   0:00   0:00 
Viktor Stalberg          0  0  0   0  0   2  4  0  0  0  0/0    19:59   1:20   5:48 

Players Stats for Demolitions

Player Name              G  A  P  +/- PIM S  H  SB GA TA FO     MP     PP MP  PK MP  
------------------------------------------------------------------------------------
Andy Rogers              0  0  0  -1  0   0  0  2  0  0  0/0    19:14   3:23   1:42 
Anssi Salmela            0  0  0   1  0   0  0  0  0  0  0/0     4:05   0:00   0:00 
Anthony Stewart          0  0  0  -1  0   0  0  0  0  0  1/1    12:12   0:00   0:00 
Anton Babchuk            0  0  0  -1  0   0  0  0  1  0  0/0    10:44   0:00   0:55 
Brad Richardson          0  0  0  -1  0   1  1  0  0  0  2/7    12:51   0:00   0:45 
Brandon Bochenski        0  0  0  -2  0   0  1  1  0  1  0/0    10:02   0:00   0:00 
Chris Campoli            0  0  0   0  0   3  0  1  2  1  0/0    26:52   7:22   1:30 
Daniel Paille            1  0  1  -1  2   4  1  2  1  0  2/2    18:17   6:21   0:24 
Dennis Seidenberg        0  0  0  -1  2   2  0  0  0  0  0/0    18:18   3:23   0:47 
Erik Christensen         1  0  1   1  0   2  2  0  0  1  5/8    19:30   4:23   0:24 
James Sheppard           0  0  0  -1  0   1  0  0  0  0  2/2     9:40   0:00   1:11 
Jeff Woywitka            0  0  0  -1  2   2  0  0  0  0  0/0    25:17   7:22   1:30 
Jeremy Williams          0  1  1   1  0   2  4  0  0  0  0/0    18:05   4:23   0:00 
Jiri Hudler              0  3  3   0  0   6  2  1  0  0  22/38  27:15   6:22   1:31 
Kyle Wharton             0  0  0   0  0   0  0  0  0  0  0/0     0:00   0:00   0:00 
Marc-André Bernier       0  0  0   0  0   0  0  0  0  0  0/0     0:00   0:00   0:00 
Nikolai Zherdev          2  0  2  -1  0   7  1  0  1  0  0/1    26:24   6:22   1:31 
Petr Vrana               0  0  0   1  0   0  2  0  1  0  0/0    19:24   4:23   0:38 
Taylor Chorney           0  0  0   0  0   0  0  1  0  0  0/0    11:57   0:00   0:00 
Vladimir Mihalik         0  0  0   1  0   0  1  0  0  0  0/0     4:05   0:00   0:00 

3 Stars

1 - Nikolai Zherdev (Vic)
2 - Jiri Hudler (Vic)
3 - Erik Christensen (Vic)

Power Play

Punishers - 0 on 2 Attempt(s) - 0,00%
Demolitions - 2 on 8 Attempt(s) - 25,00%

Penalty Kill

Punishers - 6 on 8 Attempt(s) - 75,00% - Score 0 goal in Penalty Kill
Demolitions - 2 on 2 Attempt(s) - 100,00% - Score 0 goal in Penalty Kill

Official

Referees : Auger Stephane and Devorski Paul
Linesman : Steve Miller and Derek Amell

Game Notes

No Game Note

Punishers

5 vs 5 Forward 
   Center                   Left Wing                Right Wing               Time % Phy DF OF 
 1 Petteri Nokelainen       Kirk Maltby              Chris Conner             40     1   2  2  
 2 Ryan White               Viktor Stalberg          Adam Pineault            30     1   2  2  
 3 Joe Vitale               Kris Chucko              Mike Blunden             20     1   2  2  
 4 Leo Komarov              Jason Gregoire           Aaron Palushaj           10     1   2  2  

5 vs 5 Defense 
   Defense                  Defense                                           Time % Phy DF OF 
 1 Jassen Cullimore         Jean-Luc Grand-Pierre                             40     1   2  2  
 2 Marc-André Bergeron      Matt Carkner                                      30     1   2  2  
 3 Stu Bickel               Adam McQuaid                                      20     1   2  2  
 4 Andrew Bodnarchuk        Jassen Cullimore                                  10     1   2  2  

PowerPlay Forward 
   Center                   Left Wing                Right Wing               Time % Phy DF OF 
 1 Petteri Nokelainen       Kirk Maltby              Chris Conner             60     1   2  2  
 2 Ryan White               Viktor Stalberg          Adam Pineault            40     1   2  2  

PowerPlay Defense
   Defense                  Defense                                           Time % Phy DF OF 
 1 Jassen Cullimore         Jean-Luc Grand-Pierre                             60     1   2  2  
 2 Marc-André Bergeron      Matt Carkner                                      40     1   2  2  

Penalty Kill 4 Players Forward 
   Center                   Wing                     Time % Phy DF OF 
 1 Kirk Maltby              Viktor Stalberg          60     1   2  2  
 2 Chris Conner             Adam Pineault            40     1   2  2  

Penalty Kill 4 Players Defense
   Defense                  Defense                  Time % Phy DF OF 
 1 Jassen Cullimore         Jean-Luc Grand-Pierre    60     1   2  2  
 2 Marc-André Bergeron      Matt Carkner             40     1   2  2  

Penalty Kill - 3 Players Forward 
   Forward                                           Time % Phy DF OF 
 1 Kirk Maltby                                       60     1   2  2  
 2 Viktor Stalberg                                   40     1   2  2  

Penalty Kill - 3 Players Defense
   Defense                  Defense                  Time % Phy DF OF 
 1 Jassen Cullimore         Jean-Luc Grand-Pierre    60     1   2  2  
 2 Marc-André Bergeron      Matt Carkner             40     1   2  2  

4 vs 4 Forward 
   Center                   Wing                     Time % Phy DF OF 
 1 Kirk Maltby              Viktor Stalberg          60     1   2  2  
 2 Chris Conner             Adam Pineault            40     1   2  2  

4 vs 4 Defense
   Defense                  Defense                  Time % Phy DF OF 
 1 Jassen Cullimore         Jean-Luc Grand-Pierre    60     1   2  2  
 2 Marc-André Bergeron      Matt Carkner             40     1   2  2  

Last Minutes Offensive
   Center                   Left Wing                Right Wing               Defense                  Defense                  
   Petteri Nokelainen       Kirk Maltby              Chris Conner             Jassen Cullimore         Jean-Luc Grand-Pierre    

Last Minutes Defensive
   Center                   Left Wing                Right Wing               Defense                  Defense                  
   Petteri Nokelainen       Kirk Maltby              Chris Conner             Jassen Cullimore         Jean-Luc Grand-Pierre    

Goaltenders
Starting : Karri Ramo               
Backup : Curtis McElhinney        

Extra Forwards
Normal : Kris Chucko, Joe Vitale, Mike Blunden - PP : Kris Chucko, Joe Vitale - PK : Mike Blunden
Extra Defensemen
Normal : Stu Bickel, Adam McQuaid, Andrew Bodnarchuk - PP : Stu Bickel - PK : Adam McQuaid, Andrew Bodnarchuk
Penalty Shots
Kirk Maltby, Viktor Stalberg, Chris Conner, Adam Pineault, Kris Chucko

Demolitions

5 vs 5 Forward 
   Center                   Left Wing                Right Wing               Time % Phy DF OF 
 1 Jiri Hudler              Daniel Paille            Nikolai Zherdev          40     1   2  2  
 2 Erik Christensen         Petr Vrana               Jeremy Williams          30     1   2  2  
 3 Brad Richardson          Jiri Hudler              Anthony Stewart          20     1   2  2  
 4 James Sheppard           Nikolai Zherdev          Brandon Bochenski        10     1   2  2  

5 vs 5 Defense 
   Defense                  Defense                                           Time % Phy DF OF 
 1 Jeff Woywitka            Chris Campoli                                     40     1   2  2  
 2 Dennis Seidenberg        Andy Rogers                                       30     1   2  2  
 3 Taylor Chorney           Anton Babchuk                                     20     1   2  2  
 4 Vladimir Mihalik         Anssi Salmela                                     10     1   2  2  

PowerPlay Forward 
   Center                   Left Wing                Right Wing               Time % Phy DF OF 
 1 Jiri Hudler              Daniel Paille            Nikolai Zherdev          60     1   2  2  
 2 Erik Christensen         Petr Vrana               Jeremy Williams          40     1   2  2  

PowerPlay Defense
   Defense                  Defense                                           Time % Phy DF OF 
 1 Jeff Woywitka            Chris Campoli                                     60     1   2  2  
 2 Dennis Seidenberg        Andy Rogers                                       40     1   2  2  

Penalty Kill 4 Players Forward 
   Center                   Wing                     Time % Phy DF OF 
 1 Jiri Hudler              Nikolai Zherdev          60     1   2  2  
 2 Erik Christensen         Brad Richardson          40     1   2  2  

Penalty Kill 4 Players Defense
   Defense                  Defense                  Time % Phy DF OF 
 1 Jeff Woywitka            Chris Campoli            60     1   2  2  
 2 Dennis Seidenberg        Andy Rogers              40     1   2  2  

Penalty Kill - 3 Players Forward 
   Forward                                           Time % Phy DF OF 
 1 Jiri Hudler                                       60     1   2  2  
 2 Nikolai Zherdev                                   40     1   2  2  

Penalty Kill - 3 Players Defense
   Defense                  Defense                  Time % Phy DF OF 
 1 Jeff Woywitka            Chris Campoli            60     1   2  2  
 2 Dennis Seidenberg        Andy Rogers              40     1   2  2  

4 vs 4 Forward 
   Center                   Wing                     Time % Phy DF OF 
 1 Jiri Hudler              Nikolai Zherdev          60     1   2  2  
 2 Erik Christensen         Brad Richardson          40     1   2  2  

4 vs 4 Defense
   Defense                  Defense                  Time % Phy DF OF 
 1 Jeff Woywitka            Chris Campoli            60     1   2  2  
 2 Dennis Seidenberg        Andy Rogers              40     1   2  2  

Last Minutes Offensive
   Center                   Left Wing                Right Wing               Defense                  Defense                  
   Jiri Hudler              Daniel Paille            Nikolai Zherdev          Jeff Woywitka            Chris Campoli            

Last Minutes Defensive
   Center                   Left Wing                Right Wing               Defense                  Defense                  
   Jiri Hudler              Daniel Paille            Nikolai Zherdev          Jeff Woywitka            Chris Campoli            

Goaltenders
Starting : Antero Niittymaki        
Backup : Sergei Bobrovsky         

Extra Forwards
Normal : Anthony Stewart, Brandon Bochenski, James Sheppard - PP : Anthony Stewart, Brandon Bochenski - PK : James Sheppard
Extra Defensemen
Normal : Taylor Chorney, Anton Babchuk, Vladimir Mihalik - PP : Taylor Chorney - PK : Anton Babchuk, Vladimir Mihalik
Penalty Shots
Jiri Hudler, Nikolai Zherdev, Erik Christensen, Brad Richardson, Daniel Paille

% Time on Ice - Punishers

Lines # - Real PCT - Wanted PCT - Time Play
Normal Forward
1 - 35% - 40% - 15:20
2 - 25% - 30% - 10:43
3 - 21% - 20% - 9:00
4 - 19% - 10% - 8:27
Normal Defense
1 - 34% - 40% - 14:50
2 - 32% - 30% - 14:00
3 - 26% - 20% - 11:27
4 - 7% - 10% - 3:13
PP Forward
1 - 52% - 60% - 1:40
2 - 48% - 40% - 1:32
PP Defense
1 - 60% - 60% - 1:55
2 - 40% - 40% - 1:17
PK Forward
1 - 77% - 60% - 7:30
2 - 23% - 40% - 2:14
PK Defense
1 - 72% - 60% - 7:00
2 - 28% - 40% - 2:44
PK3 Forward
1 - 89% - 60% - 0:54
2 - 11% - 40% - 0:07
PK3 Defense
1 - 41% - 60% - 0:25
2 - 59% - 40% - 0:36
44 Forward
1 - 88% - 60% - 2:14
2 - 12% - 40% - 0:19
44 Defense
1 - 51% - 60% - 1:18
2 - 49% - 40% - 1:15
Last Minute Offensive  - 0:00
Last Minute Defensive  - 0:00
Total
Forward - 60:00
Defense - 60:00

% Time on Ice - Demolitions

Lines # - Real PCT - Wanted PCT - Time Play
Normal Forward
1 - 24% - 40% - 10:22
2 - 35% - 30% - 15:13
3 - 24% - 20% - 10:26
4 - 17% - 10% - 7:29
Normal Defense
1 - 38% - 40% - 16:26
2 - 30% - 30% - 13:10
3 - 23% - 20% - 9:49
4 - 9% - 10% - 4:05
PP Forward
1 - 59% - 60% - 6:22
2 - 41% - 40% - 4:23
PP Defense
1 - 69% - 60% - 7:22
2 - 31% - 40% - 3:23
PK Forward
1 - 88% - 60% - 2:48
2 - 13% - 40% - 0:24
PK Defense
1 - 47% - 60% - 1:30
2 - 53% - 40% - 1:42
PK3 Forward
1 - 0% - 60%
2 - 0% - 40%
PK3 Defense
1 - 0% - 60%
2 - 0% - 40%
44 Forward
1 - 82% - 60% - 2:06
2 - 18% - 40% - 0:27
44 Defense
1 - 61% - 60% - 1:34
2 - 39% - 40% - 0:59
Last Minute Offensive  - 0:00
Last Minute Defensive  - 0:00
Total
Forward - 60:00
Defense - 60:00

Play by Play

1st period


0:01 of 1st period - Petteri Nokelainen wins face-off versus Jiri Hudler in neutral zone.
0:30 of 1st period - Erik Christensen is hit by Matt Carkner and loses puck.
0:39 of 1st period - Slapshot by Adam Pineault.
0:39 of 1st period - Shot Misses the Net.
0:42 of 1st period - Icing by Jeff Woywitka.
0:43 of 1st period - Erik Christensen wins face-off versus Mike Blunden in Demolitions zone.
1:38 of 1st period - Off-side.
1:39 of 1st period - Jiri Hudler wins face-off versus Petteri Nokelainen in neutral zone.
1:44 of 1st period - Snap shot by Kirk Maltby.
1:44 of 1st period - Stopped by Antero Niittymaki without a rebound.
1:45 of 1st period - Jiri Hudler wins face-off versus Petteri Nokelainen in Demolitions zone.
2:57 of 1st period - Slapshot by Nikolai Zherdev.
2:57 of 1st period - Shot Blocked by Jason Gregoire.
2:59 of 1st period - Snap shot by Nikolai Zherdev.
2:59 of 1st period - Shot Misses the Net.
3:01 of 1st period - Slapshot by Andy Rogers.
3:01 of 1st period - Shot Blocked by Aaron Palushaj.
3:03 of 1st period - Backhand shot by Dennis Seidenberg.
3:03 of 1st period - Stopped by Karri Ramo without a rebound.
3:04 of 1st period - Erik Christensen wins face-off versus Petteri Nokelainen in Punishers zone.
3:07 of 1st period - Slapshot by Erik Christensen.
3:07 of 1st period - Goal by Erik Christensen - Punishers : 0 - Demolitions : 1.
3:08 of 1st period - Petteri Nokelainen wins face-off versus Jiri Hudler in neutral zone.
3:34 of 1st period - Matt Carkner is hit by Jeremy Williams and loses puck.
4:01 of 1st period - Adam Pineault is hit by Brad Richardson and loses puck.
4:25 of 1st period - Nikolai Zherdev is hit by Kris Chucko.
5:07 of 1st period - Snap shot by Jassen Cullimore.
5:07 of 1st period - Stopped by Antero Niittymaki with a rebound.
5:27 of 1st period - Wrist shot by Viktor Stalberg.
5:27 of 1st period - Stopped by Antero Niittymaki without a rebound.
5:28 of 1st period - Erik Christensen wins face-off versus Ryan White in Demolitions zone.
5:54 of 1st period - Petteri Nokelainen is hit by Jiri Hudler and loses puck.
6:27 of 1st period - Slapshot by Marc-André Bergeron.
6:27 of 1st period - Deflect By Leo Komarov.
6:27 of 1st period - Shot Blocked by Chris Campoli.
6:27 of 1st period - Puck is out of play.
6:28 of 1st period - Leo Komarov wins face-off versus Brad Richardson in Demolitions zone.
7:45 of 1st period - Snap shot by Kris Chucko.
7:45 of 1st period - Stopped by Antero Niittymaki with a rebound.
7:47 of 1st period - Wrist shot by Leo Komarov.
7:47 of 1st period - Stopped by Antero Niittymaki with a rebound.
8:22 of 1st period - Jean-Luc Grand-Pierre is hit by Vladimir Mihalik.
8:28 of 1st period - Snap shot by Adam Pineault.
8:28 of 1st period - Shot Misses the Net.
8:42 of 1st period - Chris Campoli is hit by Mike Blunden and loses puck.
8:49 of 1st period - Jiri Hudler is hit by Stu Bickel.
9:54 of 1st period - Anthony Stewart is hit by Viktor Stalberg and loses puck.
10:11 of 1st period - Wrist shot by Kris Chucko.
10:11 of 1st period - Shot Misses the Net.
10:31 of 1st period - Brad Richardson is hit by Petteri Nokelainen and loses puck.
10:46 of 1st period - Wrist shot by Leo Komarov.
10:46 of 1st period - Stopped by Antero Niittymaki with a rebound.
10:58 of 1st period - Daniel Paille is hit by Adam Pineault and loses puck.
12:48 of 1st period - Brandon Bochenski is hit by Mike Blunden and loses puck.
13:20 of 1st period - Marc-André Bergeron is hit by Jeremy Williams and loses puck.
13:46 of 1st period - Slapshot by Marc-André Bergeron.
13:46 of 1st period - Shot Misses the Net.
13:48 of 1st period - Snap shot by Matt Carkner.
13:48 of 1st period - Shot Misses the Net.
13:50 of 1st period - Snap shot by Matt Carkner.
13:50 of 1st period - Shot Blocked by Daniel Paille.
14:08 of 1st period - Taylor Chorney is hit by Kris Chucko and loses puck.
14:37 of 1st period - Andy Rogers is hit by Chris Conner and loses puck.
15:02 of 1st period - Jeff Woywitka is hit by Viktor Stalberg and loses puck.
15:10 of 1st period - Minor Penalty to Jason Gregoire for Tripping.
15:11 of 1st period - Jiri Hudler wins face-off versus Kirk Maltby in Punishers zone.
15:12 of 1st period - Slapshot by Daniel Paille.
15:12 of 1st period - Stopped by Karri Ramo with a rebound.
15:20 of 1st period - Snap shot by Daniel Paille.
15:20 of 1st period - Goal by Daniel Paille - Punishers : 0 - Demolitions : 2.
15:21 of 1st period - Petteri Nokelainen wins face-off versus Jiri Hudler in neutral zone.
15:36 of 1st period - Snap shot by Kirk Maltby.
15:36 of 1st period - Goal by Kirk Maltby - Punishers : 1 - Demolitions : 2.
15:37 of 1st period - Jiri Hudler wins face-off versus Petteri Nokelainen in neutral zone.
15:44 of 1st period - Wrist shot by Nikolai Zherdev.
15:44 of 1st period - Shot Misses the Net.
15:46 of 1st period - Wrist shot by Daniel Paille.
15:46 of 1st period - Stopped by Karri Ramo with a rebound.
16:02 of 1st period - Erik Christensen is hit by Adam Pineault and loses puck.
16:09 of 1st period - Slapshot by Jeremy Williams.
16:09 of 1st period - Shot Misses the Net.
16:11 of 1st period - Backhand shot by Andy Rogers.
16:11 of 1st period - Deflect By Petr Vrana.
16:11 of 1st period - Shot Hit the Post.
16:11 of 1st period - Puck is out of play.
16:12 of 1st period - Jiri Hudler wins face-off versus Ryan White in Punishers zone.
16:37 of 1st period - Erik Christensen is hit by Petteri Nokelainen and loses puck.
17:08 of 1st period - Backhand shot by Anthony Stewart.
17:08 of 1st period - Shot Misses the Net.
17:22 of 1st period - Slapshot by Jassen Cullimore.
17:22 of 1st period - Shot Misses the Net.
17:30 of 1st period - Slapshot by Chris Campoli.
17:30 of 1st period - Shot Misses the Net.
17:32 of 1st period - Slapshot by Chris Campoli.
17:32 of 1st period - Stopped by Karri Ramo with a rebound.
19:17 of 1st period - Snap shot by Petteri Nokelainen.
19:17 of 1st period - Goal by Petteri Nokelainen - Punishers : 2 - Demolitions : 2.
19:18 of 1st period - Jiri Hudler wins face-off versus Petteri Nokelainen in neutral zone.
19:27 of 1st period - Wrist shot by Jiri Hudler.
19:27 of 1st period - Stopped by Karri Ramo without a rebound.
19:28 of 1st period - Daniel Paille wins face-off versus Petteri Nokelainen in Punishers zone.
19:49 of 1st period - Slapshot by Kirk Maltby.
19:49 of 1st period - Stopped by Antero Niittymaki with a rebound.
19:51 of 1st period - Slapshot by Petteri Nokelainen.
19:51 of 1st period - Stopped by Antero Niittymaki with a rebound.
19:53 of 1st period - Wrist shot by Marc-André Bergeron.
19:53 of 1st period - Shot Misses the Net.
19:55 of 1st period - Slapshot by Marc-André Bergeron.
19:55 of 1st period - Shot Misses the Net.
19:57 of 1st period - Snap shot by Chris Conner.
19:57 of 1st period - Stopped by Antero Niittymaki with a rebound.
19:59 of 1st period - Slapshot by Chris Conner.
19:59 of 1st period - Shot Blocked by Daniel Paille.

2nd period


0:01 of 2nd period - Petteri Nokelainen wins face-off versus Jiri Hudler in neutral zone.
0:33 of 2nd period - Snap shot by Viktor Stalberg.
0:33 of 2nd period - Shot Misses the Net.
0:55 of 2nd period - Anthony Stewart is hit by Leo Komarov and loses puck.
1:06 of 2nd period - Dennis Seidenberg is hit by Leo Komarov.
1:26 of 2nd period - Snap shot by Kris Chucko.
1:26 of 2nd period - Deflect By Andy Rogers.
1:26 of 2nd period - Stopped by Antero Niittymaki with a rebound.
1:28 of 2nd period - Slapshot by Adam McQuaid.
1:28 of 2nd period - Deflect By Kris Chucko.
1:28 of 2nd period - Shot Blocked by Brandon Bochenski.
1:28 of 2nd period - Puck is out of play.
1:29 of 2nd period - Erik Christensen wins face-off versus Petteri Nokelainen in Demolitions zone.
1:34 of 2nd period - Slapshot by Erik Christensen.
1:34 of 2nd period - Shot Blocked by Jean-Luc Grand-Pierre.
1:40 of 2nd period - Snap shot by Chris Conner.
1:40 of 2nd period - Stopped by Antero Niittymaki without a rebound.
1:41 of 2nd period - Petteri Nokelainen wins face-off versus Jiri Hudler in Demolitions zone.
1:44 of 2nd period - Snap shot by Kirk Maltby.
1:44 of 2nd period - Stopped by Antero Niittymaki with a rebound.
1:46 of 2nd period - Snap shot by Jassen Cullimore.
1:46 of 2nd period - Shot Blocked by Jiri Hudler.
1:48 of 2nd period - Snap shot by Chris Conner.
1:48 of 2nd period - Shot Blocked by Andy Rogers.
1:50 of 2nd period - Snap shot by Petteri Nokelainen.
1:50 of 2nd period - Stopped by Antero Niittymaki with a rebound.
2:06 of 2nd period - Jassen Cullimore is hit by Erik Christensen and loses puck.
2:19 of 2nd period - Snap shot by Petr Vrana.
2:19 of 2nd period - Shot Blocked by Adam Pineault.
2:49 of 2nd period - Matt Carkner is hit by Brandon Bochenski and loses puck.
3:12 of 2nd period - Taylor Chorney is hit by Chris Conner and loses puck.
3:48 of 2nd period - Wrist shot by Brandon Bochenski.
3:48 of 2nd period - Shot Blocked by Stu Bickel.
3:50 of 2nd period - Slapshot by Dennis Seidenberg.
3:50 of 2nd period - Shot Blocked by Stu Bickel.
4:29 of 2nd period - Anthony Stewart is hit by Jassen Cullimore and loses puck.
5:09 of 2nd period - Jeff Woywitka is hit by Marc-André Bergeron and loses puck.
5:30 of 2nd period - Wrist shot by Marc-André Bergeron.
5:30 of 2nd period - Stopped by Antero Niittymaki with a rebound.
5:32 of 2nd period - Wrist shot by Leo Komarov.
5:32 of 2nd period - Shot Blocked by Taylor Chorney.
5:34 of 2nd period - Slapshot by Matt Carkner.
5:34 of 2nd period - Deflect By Aaron Palushaj.
5:34 of 2nd period - Deflect By Anton Babchuk.
5:34 of 2nd period - Shot Misses the Net.
5:34 of 2nd period - Puck is out of play.
5:35 of 2nd period - James Sheppard wins face-off versus Ryan White in Demolitions zone.
5:35 of 2nd period - James Sheppard is hit by Jassen Cullimore.
5:40 of 2nd period - Minor Penalty to Jean-Luc Grand-Pierre for Tripping.
5:41 of 2nd period - Kirk Maltby wins face-off versus Jiri Hudler in Punishers zone.
5:54 of 2nd period - Chris Campoli is hit by Viktor Stalberg and loses puck.
6:30 of 2nd period - Slapshot by Nikolai Zherdev.
6:30 of 2nd period - Stopped by Karri Ramo with a rebound.
6:32 of 2nd period - Snap shot by Daniel Paille.
6:32 of 2nd period - Stopped by Karri Ramo without a rebound.
6:33 of 2nd period - Kirk Maltby wins face-off versus Erik Christensen in Punishers zone.
6:48 of 2nd period - Snap shot by Erik Christensen.
6:48 of 2nd period - Stopped by Karri Ramo with a rebound.
7:40 of 2nd period - Penalty to Jean-Luc Grand-Pierre is over, Jean-Luc Grand-Pierre is back on ice.
7:48 of 2nd period - Slapshot by Marc-André Bergeron.
7:48 of 2nd period - Stopped by Antero Niittymaki without a rebound.
7:49 of 2nd period - Leo Komarov wins face-off versus Brad Richardson in Demolitions zone.
7:52 of 2nd period - Slapshot by Matt Carkner.
7:52 of 2nd period - Deflect By Jiri Hudler.
7:52 of 2nd period - Stopped by Antero Niittymaki with a rebound.
8:02 of 2nd period - Wrist shot by Brad Richardson.
8:02 of 2nd period - Shot Misses the Net.
8:12 of 2nd period - Taylor Chorney is hit by Joe Vitale and loses puck.
8:24 of 2nd period - Minor Penalty to Joe Vitale for Tripping.
8:25 of 2nd period - Jiri Hudler wins face-off versus Kirk Maltby in Punishers zone.
8:36 of 2nd period - Snap shot by Nikolai Zherdev.
8:36 of 2nd period - Stopped by Karri Ramo without a rebound.
8:37 of 2nd period - Kirk Maltby wins face-off versus Jiri Hudler in Punishers zone.
8:52 of 2nd period - Slapshot by Jiri Hudler.
8:52 of 2nd period - Stopped by Karri Ramo without a rebound.
8:53 of 2nd period - Kirk Maltby wins face-off versus Jiri Hudler in Punishers zone.
9:06 of 2nd period - Snap shot by Jiri Hudler.
9:06 of 2nd period - Shot Misses the Net.
9:43 of 2nd period - Jiri Hudler is hit by Matt Carkner and loses puck.
10:24 of 2nd period - Penalty to Joe Vitale is over, Joe Vitale is back on ice.
11:17 of 2nd period - Adam Pineault is hit by Petr Vrana.
11:38 of 2nd period - Slapshot by Marc-André Bergeron.
11:38 of 2nd period - Deflect By Anton Babchuk.
11:38 of 2nd period - Goal by Marc-André Bergeron - Punishers : 3 - Demolitions : 2.
11:39 of 2nd period - Jiri Hudler wins face-off versus Petteri Nokelainen in neutral zone.
12:22 of 2nd period - Snap shot by Viktor Stalberg.
12:22 of 2nd period - Deflect By Ryan White.
12:22 of 2nd period - Stopped by Antero Niittymaki without a rebound.
12:23 of 2nd period - Brad Richardson wins face-off versus Ryan White in Demolitions zone.
12:54 of 2nd period - Slapshot by Jeff Woywitka.
12:54 of 2nd period - Stopped by Karri Ramo without a rebound.
12:55 of 2nd period - Petteri Nokelainen wins face-off versus Jiri Hudler in Punishers zone.
13:01 of 2nd period - Off-side.
13:02 of 2nd period - Jiri Hudler wins face-off versus Petteri Nokelainen in neutral zone.
13:11 of 2nd period - Icing by Andy Rogers.
13:12 of 2nd period - Petteri Nokelainen wins face-off versus Jiri Hudler in Demolitions zone.
13:12 of 2nd period - Minor Penalty to Jean-Luc Grand-Pierre for Boarding.
13:13 of 2nd period - Kirk Maltby wins face-off versus Jiri Hudler in Punishers zone.
13:39 of 2nd period - Petr Vrana is hit by Kirk Maltby.
13:51 of 2nd period - Jassen Cullimore is hit by Jeremy Williams and loses puck.
15:12 of 2nd period - Penalty to Jean-Luc Grand-Pierre is over, Jean-Luc Grand-Pierre is back on ice.
15:30 of 2nd period - Snap shot by Dennis Seidenberg.
15:30 of 2nd period - Stopped by Karri Ramo without a rebound.
15:31 of 2nd period - Leo Komarov wins face-off versus Brad Richardson in Punishers zone.
16:03 of 2nd period - James Sheppard is hit by Marc-André Bergeron and loses puck.
16:44 of 2nd period - Jeff Woywitka is hit by Petteri Nokelainen and loses puck.
17:19 of 2nd period - Minor Penalty to Petteri Nokelainen for Tripping.
17:20 of 2nd period - Kirk Maltby wins face-off versus Erik Christensen in Punishers zone.
17:33 of 2nd period - Backhand shot by Jeremy Williams.
17:33 of 2nd period - Stopped by Karri Ramo without a rebound.
17:34 of 2nd period - Jiri Hudler wins face-off versus Kirk Maltby in Punishers zone.
17:35 of 2nd period - Wrist shot by Nikolai Zherdev.
17:35 of 2nd period - Goal by Nikolai Zherdev - Punishers : 3 - Demolitions : 3.
17:36 of 2nd period - Petteri Nokelainen wins face-off versus Nikolai Zherdev in neutral zone.
17:42 of 2nd period - Off-side.
17:43 of 2nd period - Petteri Nokelainen wins face-off versus Jiri Hudler in neutral zone.
17:50 of 2nd period - Wrist shot by Petteri Nokelainen.
17:50 of 2nd period - Stopped by Antero Niittymaki without a rebound.
17:51 of 2nd period - Daniel Paille wins face-off versus Petteri Nokelainen in Demolitions zone.
17:58 of 2nd period - Wrist shot by Jiri Hudler.
17:58 of 2nd period - Shot Misses the Net.
18:18 of 2nd period - Jeremy Williams is hit by Ryan White and loses puck.
18:41 of 2nd period - Slapshot by Chris Campoli.
18:41 of 2nd period - Deflect By Jiri Hudler.
18:41 of 2nd period - Stopped by Karri Ramo without a rebound.
18:42 of 2nd period - Brad Richardson wins face-off versus Joe Vitale in Punishers zone.
19:07 of 2nd period - Andy Rogers is hit by Petteri Nokelainen and loses puck.
19:20 of 2nd period - Matt Carkner is hit by Jeremy Williams and loses puck.
19:24 of 2nd period - Icing by Matt Carkner.
19:25 of 2nd period - Petteri Nokelainen wins face-off versus Jiri Hudler in Punishers zone.
19:25 of 2nd period - Petteri Nokelainen is hit by Nikolai Zherdev.
19:32 of 2nd period - Minor Penalty to Jeff Woywitka for Holding.
19:32 of 2nd period - Minor Penalty to Petteri Nokelainen for Delaying the game.
19:33 of 2nd period - Jiri Hudler wins face-off versus Kirk Maltby in Punishers zone.
19:40 of 2nd period - Wrist shot by Nikolai Zherdev.
19:40 of 2nd period - Stopped by Karri Ramo with a rebound.
19:42 of 2nd period - Snap shot by Nikolai Zherdev.
19:42 of 2nd period - Goal by Nikolai Zherdev - Punishers : 3 - Demolitions : 4.
19:43 of 2nd period - Jiri Hudler wins face-off versus Kirk Maltby in neutral zone.
19:46 of 2nd period - Wrist shot by Jiri Hudler.
19:46 of 2nd period - Stopped by Karri Ramo with a rebound.
19:52 of 2nd period - Slapshot by Jean-Luc Grand-Pierre.
19:52 of 2nd period - Deflect By Nikolai Zherdev.
19:52 of 2nd period - Stopped by Antero Niittymaki with a rebound.
19:54 of 2nd period - Slapshot by Jassen Cullimore.
19:54 of 2nd period - Shot Misses the Net.

3rd period


0:01 of 3rd period - Kirk Maltby wins face-off versus Jiri Hudler in neutral zone.
0:16 of 3rd period - Snap shot by Viktor Stalberg.
0:16 of 3rd period - Stopped by Antero Niittymaki without a rebound.
0:17 of 3rd period - Kirk Maltby wins face-off versus Jiri Hudler in Demolitions zone.
0:58 of 3rd period - Slapshot by Brad Richardson.
0:58 of 3rd period - Shot Blocked by Matt Carkner.
1:04 of 3rd period - Slapshot by Marc-André Bergeron.
1:04 of 3rd period - Stopped by Antero Niittymaki without a rebound.
1:05 of 3rd period - Jiri Hudler wins face-off versus Kirk Maltby in Demolitions zone.
1:32 of 3rd period - Penalty to Jeff Woywitka is over, Jeff Woywitka is back on ice.
1:32 of 3rd period - Penalty to Petteri Nokelainen is over, Petteri Nokelainen is back on ice.
2:05 of 3rd period - Snap shot by Petteri Nokelainen.
2:05 of 3rd period - Stopped by Antero Niittymaki without a rebound.
2:06 of 3rd period - Jiri Hudler wins face-off versus Ryan White in Demolitions zone.
2:28 of 3rd period - Minor Penalty to Jason Gregoire for Slashing.
2:29 of 3rd period - Jiri Hudler wins face-off versus Kirk Maltby in Punishers zone.
2:32 of 3rd period - Snap shot by Jiri Hudler.
2:32 of 3rd period - Stopped by Karri Ramo with a rebound.
2:34 of 3rd period - Slapshot by Chris Campoli.
2:34 of 3rd period - Stopped by Karri Ramo without a rebound.
2:35 of 3rd period - Jiri Hudler wins face-off versus Kirk Maltby in Punishers zone.
3:26 of 3rd period - Slapshot by Jiri Hudler.
3:26 of 3rd period - Stopped by Karri Ramo without a rebound.
3:26 of 3rd period - Minor Penalty to Karri Ramo for Slashing.
3:27 of 3rd period - Kirk Maltby wins face-off versus Erik Christensen in Punishers zone.
3:27 of 3rd period - Kirk Maltby is hit by Erik Christensen.
4:28 of 3rd period - Penalty to Jason Gregoire is over, Jason Gregoire is back on ice.
4:51 of 3rd period - Minor Penalty to Daniel Paille for Holding.
4:52 of 3rd period - Jiri Hudler wins face-off versus Kirk Maltby in Demolitions zone.
5:26 of 3rd period - Penalty to Chris Conner is over, Chris Conner is back on ice.
5:37 of 3rd period - Slapshot by Chris Campoli.
5:37 of 3rd period - Stopped by Karri Ramo without a rebound.
5:38 of 3rd period - James Sheppard wins face-off versus Petteri Nokelainen in Punishers zone.
5:39 of 3rd period - Wrist shot by Petr Vrana.
5:39 of 3rd period - Shot Blocked by Jean-Luc Grand-Pierre.
5:51 of 3rd period - Jassen Cullimore is hit by Petr Vrana and loses puck.
6:00 of 3rd period - Snap shot by Petr Vrana.
6:00 of 3rd period - Shot Misses the Net.
6:02 of 3rd period - Snap shot by Jeff Woywitka.
6:02 of 3rd period - Stopped by Karri Ramo with a rebound.
6:04 of 3rd period - Snap shot by Petr Vrana.
6:04 of 3rd period - Shot Misses the Net.
6:06 of 3rd period - Wrist shot by James Sheppard.
6:06 of 3rd period - Stopped by Karri Ramo without a rebound.
6:07 of 3rd period - Jiri Hudler wins face-off versus Ryan White in Punishers zone.
6:10 of 3rd period - Snap shot by Jiri Hudler.
6:10 of 3rd period - Shot Blocked by Marc-André Bergeron.
6:12 of 3rd period - Wrist shot by Jiri Hudler.
6:12 of 3rd period - Shot Misses the Net.
6:51 of 3rd period - Penalty to Daniel Paille is over, Daniel Paille is back on ice.
7:00 of 3rd period - Wrist shot by Brad Richardson.
7:00 of 3rd period - Stopped by Karri Ramo without a rebound.
7:01 of 3rd period - Erik Christensen wins face-off versus Joe Vitale in Punishers zone.
7:11 of 3rd period - Snap shot by Jeremy Williams.
7:11 of 3rd period - Stopped by Karri Ramo without a rebound.
7:12 of 3rd period - Jiri Hudler wins face-off versus Petteri Nokelainen in Punishers zone.
7:25 of 3rd period - Snap shot by Nikolai Zherdev.
7:25 of 3rd period - Stopped by Karri Ramo with a rebound.
11:51 of 3rd period - Off-side.
11:52 of 3rd period - Petteri Nokelainen wins face-off versus Brad Richardson in neutral zone.
12:03 of 3rd period - Wrist shot by Petteri Nokelainen.
12:03 of 3rd period - Stopped by Antero Niittymaki without a rebound.
12:04 of 3rd period - Jiri Hudler wins face-off versus Petteri Nokelainen in Demolitions zone.
12:25 of 3rd period - Andy Rogers is hit by Marc-André Bergeron and loses puck.
13:08 of 3rd period - Minor Penalty to Kirk Maltby for Tripping.
13:09 of 3rd period - Jiri Hudler wins face-off versus Mike Blunden in Punishers zone.
13:53 of 3rd period - Off-side.
13:54 of 3rd period - Mike Blunden wins face-off versus Jiri Hudler in neutral zone.
15:08 of 3rd period - Penalty to Kirk Maltby is over, Kirk Maltby is back on ice.
16:13 of 3rd period - Snap shot by Kirk Maltby.
16:13 of 3rd period - Deflect By Chris Conner.
16:13 of 3rd period - Stopped by Antero Niittymaki without a rebound.
16:14 of 3rd period - Petteri Nokelainen wins face-off versus Brad Richardson in Demolitions zone.
16:25 of 3rd period - Chris Conner is hit by Daniel Paille.
16:41 of 3rd period - Petteri Nokelainen is hit by Jiri Hudler and loses puck.
16:48 of 3rd period - Snap shot by Petteri Nokelainen.
16:48 of 3rd period - Shot Misses the Net.
17:12 of 3rd period - Wrist shot by Nikolai Zherdev.
17:12 of 3rd period - Stopped by Karri Ramo with a rebound.
17:42 of 3rd period - Snap shot by Jean-Luc Grand-Pierre.
17:42 of 3rd period - Deflect By Leo Komarov.
17:42 of 3rd period - Stopped by Antero Niittymaki without a rebound.
17:43 of 3rd period - Anthony Stewart wins face-off versus Leo Komarov in Demolitions zone.
17:43 of 3rd period - Anthony Stewart is hit by Jason Gregoire.
17:51 of 3rd period - Daniel Paille is hit by Jassen Cullimore.
18:03 of 3rd period - Snap shot by Jassen Cullimore.
18:03 of 3rd period - Shot Blocked by Andy Rogers.
18:12 of 3rd period - Minor Penalty to Dennis Seidenberg for Holding Stick.
18:13 of 3rd period - Jiri Hudler wins face-off versus Petteri Nokelainen in Demolitions zone.
18:18 of 3rd period - Slapshot by Jeff Woywitka.
18:18 of 3rd period - Shot Blocked by Jassen Cullimore.
18:39 of 3rd period - Jeff Woywitka is hit by Viktor Stalberg and loses puck.


Output by the SimonT Hockey Simulator (STHS) for François Prévost -- Original Page W3C XHTML 1.0 Valid
Hockey Simulator - Hockey Simulation - Hockey Manager